 Dungeon Crawl Stone Soup version 0.16.1-7-g2c6721e (webtiles) character file.

291076 Chiseanne the Warrior (level 19, -6/115 HPs)
             Began as a Demonspawn Monk on Mar 29, 2015.
             Was the Champion of Qazlal.
             Mangled by an Executioner (11 damage)
             ... summoned by a deep elf demonologist
             ... led by an ironheart preserver
             ... on level 3 of the Vaults.
             The game lasted 03:56:23 (41533 turns).

Chiseanne the Warrior (Demonspawn Monk)            Turns: 41533, Time: 03:56:23

Health: -6/115     AC: 39    Str: 19      XL:     19   Next: 95%
Magic:  28/28      EV: 12    Int:  9 (14) God:    Qazlal [******]
Gold:   2878       SH: 20    Dex: 14 (15) Spells: 2 memorised, 13 levels left

rFire  + . .     SeeInvis .     a - +11 flail of Equilibrium {freeze, Noisy rElec rPois Str+6}
rCold  + . .     Clarity  +     u - +5 plate armour "Folaolorgh" {-Cast +Inv rN+++ Regen+}
rNeg   + + +     SustAb   .     k - +0 shield {AC+3}
rPois  +         Gourm    .     w - +2 helmet {Int+3}
rElec  +         Spirit   .     n - +2 cloak
rCorr  .         Warding  .     h - +1 pair of gloves
rMut   .         Stasis   .     i - +2 pair of boots
MR     +....     NoCast   +     q - amulet of clarity
Stlth  ..........               v - ring of poison resistance
                                e - ring of protection from cold

@: about to teleport, protected from physical damage, very slightly
contaminated, non-regenerating, mildly diseased, repel missiles, somewhat
resistant to hostile enchantments, extremely unstealthy
A: talons 2, yellow scales 2, berserk 3, blurry vision 1, clumsy 1, deformed
body, demonic guardian 2, deterioration 3, dopey 1, fire resistance 1, frail 3,
low mp 1, screaming 1, slow healing 2, weak 2, no device heal 1, flame cloud
immunity, MP-powered wands 1
a: Upheaval, Elemental Force, Disaster Area, Renounce Religion, Evoke
Invisibility
}: 2/15 runes: decaying, serpentine


You were on level 3 of the Vaults.
You worshipped Qazlal.
Qazlal was exalted by your worship.
You were not hungry.

You visited 7 branches of the dungeon, and saw 41 of its levels.
You visited the Abyss 1 time.
You also visited: Sewer and Ossuary.

You collected 4212 gold pieces.
You spent 1334 gold pieces at shops.

Inventory:

Hand weapons
 a - the +11 flail of Equilibrium (weapon) {freeze, Noisy rElec rPois Str+6}
   (You found it on level 2 of the Lair of Beasts)

   It has been specially enchanted to freeze those struck by it, causing extra
   injury to most foes and up to half again as much damage against particularly
   susceptible opponents.
   It can also slow down cold-blooded creatures.
   It affects your strength (+6).
   It insulates you from electricity.
   It protects you from poison.
   It may make noises in combat.
 s - the +11 morningstar "Eos" {elec, -Tele rElec SInv}
   (You found it on level 11 of the Dungeon)

   Occasionally, upon striking a foe, it will discharge some electrical energy
   and cause terrible harm.
   It insulates you from electricity.
   It enhances your eyesight.
   It prevents most forms of teleportation.
Missiles
 F - a steel javelin (quivered)
Armour
 h - a +1 pair of gloves (worn)
 i - a +2 pair of boots (worn)
 k - a +0 shield of protection (worn)
 n - a +2 cloak (worn)
 r - an ice dragon hide
 u - the +5 plate armour "Folaolorgh" (worn) {-Cast +Inv rN+++ Regen+}
   (You found it on level 3 of the Swamp)

   It renders you almost immune to negative energy.
   It lets you turn invisible.
   It prevents spellcasting.
   It increases your rate of regeneration.
 w - a +2 helmet of intelligence (worn)
Jewellery
 e - a ring of protection from cold (left hand)
 q - an amulet of clarity (around neck)
 t - an uncursed ring of sustain abilities
 v - a ring of poison resistance (right hand)
 M - an uncursed ring of see invisible
Magical devices
 l - a wand of hasting (4)
 x - a wand of digging (7)
 y - a wand of heal wounds (5)
 O - a wand of disintegration (8)
Scrolls
 c - 3 scrolls of immolation
 j - 3 scrolls of magic mapping
 z - 4 scrolls of blinking
 A - 6 scrolls of teleportation
 D - a scroll of fear
 G - 15 scrolls of remove curse
 N - 3 scrolls of identify
 R - 3 scrolls of fog
 W - 3 scrolls of recharging
 Z - 2 scrolls of silence
Potions
 o - 11 potions of curing
 p - 6 potions of flight
 B - 3 potions of might
 C - 2 potions of resistance
 E - a potion of magic
 J - a potion of haste
 Q - 2 potions of restore abilities
 U - 3 potions of cancellation
Miscellaneous
 m - a stone of tremors
Comestibles
 b - 8 bread rations
 f - 12 meat rations
 P - 18 royal jellies


   Skills:
 * Level 18.6 Fighting
 - Level 10.3 Maces & Flails
 * Level 15.0 Armour
 - Level 14.6 Dodging
 - Level 1.7 Stealth
 - Level 10.7 Shields
 - Level 12.4 Unarmed Combat
 - Level 11.0 Invocations


You had 13 spell levels left.
You knew the following spells:

 Your Spells              Type           Power        Failure   Level  Hunger
a - Swiftness             Chrm/Air       #.......     100%        2    ###....
b - Flight                Chrm/Air       #.........   100%        3    ####...


Dungeon Overview and Level Annotations

Branches:
Dungeon (15/15)            Temple (1/1) D:4            Lair (8/8) D:9
  Swamp (5/5) Lair:3        Snake (5/5) Lair:5        Slime (0/6) Lair:6
    Orc (4/4) D:9             Elf (0/3) Orc:4        Vaults (3/5) D:14
  Crypt (0/3) Vaults:3     Depths (0/5) D:15

Altars:
Ashenzari
Cheibriados
Dithmenos
Elyvilon
Fedhas
Gozag
Kikubaaqudgha
Makhleb
Nemelex Xobeh
Okawaru
Qazlal
Ru
Sif Muna
Trog
Vehumet
Xom
Yredelemnul
Zin
The Shining One
Beogh
Jiyva

Shops:
D:10 (   D:15 *   Orc:4 :??(   Snake:5 [[[

Portals:
Trove: Vaults:2 (give +5 demon blade)


Innate Abilities, Weirdness & Mutations

You have razor-sharp toenails.
You are mostly covered in yellow scales (AC +3).
A demonic guardian rushes to your aid.
Your flesh is heat resistant.
You are immune to clouds of flame.
Armour fits poorly on your strangely shaped body.
You are dopey. (Int -2)
You occasionally shout uncontrollably at your foes.
[You have an uncontrollable temper.]
[Scrolls take you a little longer to read.]
[You are clumsy. (Dex -2)]
[Your body is rapidly deteriorating.]
[You are extremely frail (-30% HP).]
[Your magical capacity is low (-10% MP).]
[You do not heal naturally when monsters are visible.]
[You are very weak. (Str -4)]
[Potions and wands are less effective at restoring your health.]
[You expend magic power (3 MP) to slightly strengthen your wands.]


Message History

The Executioner hits you but does no damage.
The deep elf fighter gestures wildly while chanting.
The deep elf fighter flickers and vanishes!
Deactivating autopickup; reactivate with Ctrl-A.
Drink which item? (? for menu, Esc to quit)
You feel much better.
The Executioner hits you but does no damage.
The Executioner closely misses you. You block the Executioner's attack.
The Executioner hits you!
* * * LOW HITPOINT WARNING * * *
The Executioner hits you.
* * * LOW HITPOINT WARNING * * *
You block the Executioner's attack.
The vault warden activates a sealing rune. x2
A door slams shut!
The Executioner barely misses you.
The Executioner hits you but does no damage.
You block the Executioner's attack.
Read which item? (? for menu, Esc to quit)
The Executioner hits you!
You die...

...... ......
#####+######
#..........#
#..........## #'#####
#....§§..c.+........#
#..§.§§....#....T...#
#.§.3p§T...ep.......#
#..§@1§§p..#......1.#
#...§T§§...#....p...#
#...§.§§...#......§e#
############.....T.e#
########e# ###..(
#..3.§ ##..### #..##


You could see an ironheart preserver, a vault warden, an Executioner, 2 deep
trolls, a yaktaur, a deep elf mage and a friendly smoke demon.

Vanquished Creatures
  Norris (D:13)
  Saint Roka (Snake:4)
  A lich (Abyss:3)
  Asterion (Snake:1)
  A sphinx (Vaults:2)
  A quicksilver dragon (Abyss:1)
  3 tentacled starspawn (Abyss:3)
  4 thorn hunters
  Rupert (D:14)
  Agnes (Snake:4)
  3 shadow dragons (Vaults:3)
  A fire giant (Vaults:3)
  10 greater nagas
  Wiglaf (Swamp:4)
  A frost giant (D:11)
  Aizul (Snake:5)
  5 vault wardens
  An orc warlord (Vaults:3)
  4 ironheart preservers
  A stone giant (Vaults:3)
  A very ugly thing (Abyss:3)
  3 rakshasas (Vaults:1)
  Azrael (D:15)
  Snorg (Swamp:4)
  An ettin (Vaults:2)
  5 vault guards (Vaults:2)
  6 ogre magi
  4 yaktaur captains
  Fannar (Lair:4)
  2 ice dragons
  Harold (Lair:3)
  12 naga warriors
  10 hydras
  5 centaur warriors
  The ghost of Monkaria the Cleaver, an experienced DDFi of Makhleb (D:9)
  A catoblepas (Lair:8)
  6 anacondas
  A ghost crab (Swamp:4)
  A deep troll shaman (Lair:8)
  2 alligators
  7 death yaks (Lair:8)
  A deep troll earth mage (Vaults:3)
  3 tengu warriors
  A thrashing horror (Abyss:1)
  7 naga sharpshooters
  2 sun demons
  A vampire mage (D:15)
  Nergalle (Lair:4)
  4 shock serpents
  2 fire crabs
  3 wretched stars
  A soul eater (Vaults:3)
  2 spatial maelstroms
  5 skeletal warriors
  A golden dragon zombie (Abyss:1)
  3 ice devils
  3 salamander mystics
  Erolcha (D:9)
  3 deep elf knights
  3 unseen horrors
  4 naga ritualists (Snake:5)
  7 deep trolls
  3 flayed ghosts
  3 shambling mangroves
  2 spriggan druids
  6 ironbrand convokers
  A necromancer (D:15)
  An orc sorcerer (Orc:3)
  A lindwurm (Lair:8)
  7 orc knights
  17 hill giants
  4 swamp dragons
  An anubis guard (shapeshifter) (Abyss:3)
  3 giant orange brains
  A hornet (shapeshifter) (Vaults:1)
  A manticore (D:15)
  15 ugly things
  7 cyclopes
  11 salamanders
  A stone giant zombie (D:15)
  7 griffons
  A frost giant zombie (D:15)
  4 mana vipers
  11 vault sentinels
  3 wolf spiders (Vaults:2)
  A spectral centaur (D:15)
  9 elephants
  3 hornets
  22 black mambas
  4 sixfirhies
  4 molten gargoyles (D:9)
  2 gargoyles
  2 apocalypse crabs (Abyss:1)
  A hellion (Abyss:1)
  A black mamba (shapeshifter) (Vaults:3)
  A torpor snail (Lair:8)
  18 spiny frogs
  An emperor scorpion zombie (D:15)
  A guardian serpent (Snake:5)
  16 yaktaurs
  3 smoke demons (Abyss:3)
  29 naga magi
  2 ancient zymes (Abyss:3)
  A queen bee (Lair:7)
  2 hellwings (Abyss:3)
  12 komodo dragons
  2 blue devils
  4 deep elf priests
  A fire drake (Lair:6)
  14 polar bears
  A tengu conjurer (D:12)
  11 trolls
  Sonja (D:15)
  Prince Ribbit (D:5)
  6 baby alligators
  10 two-headed ogres
  4 freezing wraiths
  10 bog bodies
  15 ravens
  18 blink frogs
  A baby alligator (shapeshifter) (D:14)
  5 giant leeches
  16 raiju
  A raiju (shapeshifter) (Vaults:3)
  4 basilisks
  9 ynoxinuls
  2 boulder beetles
  19 slime creatures
  A deep troll zombie (D:15)
  10 large abominations
  2 water elementals
  A trapdoor spider (D:15)
  10 small abominations
  2 flying skulls
  5 spriggans
  A centaur simulacrum (D:15)
  3 wraiths
  8 hippogriffs
  A yak (shapeshifter) (Vaults:3)
  3 deep elf magi
  2 wyverns
  A steam dragon (Lair:8)
  A chaos spawn (Abyss:3)
  13 wolves
  70 yaks
  6 fire elementals
  17 humans
  3 hungry ghosts
  6 wargs
  A soldier ant (D:15)
  3 deep elf fighters
  A mottled dragon (D:14)
  3 neqoxecs
  Menkaure (Ossuary)
  A spatial vortex (Abyss:1)
  25 insubstantial wisps
  20 swamp worms
  35 nagas
  34 vampire mosquitoes
  10 porcupines
  4 hell hounds (D:15)
  6 sky beasts
  37 water moccasins
  An ettin simulacrum (Vaults:2)
  10 swamp drakes
  6 ice beasts
  13 black bears
  8 wasps
  19 orc warriors
  An eye of draining (Abyss:1)
  A necrophage (D:9)
  2 phantoms
  3 boggarts (D:14)
  A boring beetle (shapeshifter) (Abyss:1)
  15 centaurs
  46 ogres
  The ghost of Antunes the Chopper, an average GrGl (D:3)
  5 boring beetles
  A big kobold (D:10)
  A wyvern zombie (D:14)
  A brain worm (Abyss:1)
  15 crocodiles
  17 giant frogs
  A glowing shapeshifter simulacrum (Vaults:3)
  A wyvern skeleton (D:14)
  4 scorpions
  6 wights (D:9)
  26 killer bees
  A troll zombie (D:15)
  2 electric eels
  31 crimson imps
  An elf zombie (D:15)
  22 quasits
  2 centaur zombies
  A goliath beetle (D:6)
  8 hounds
  9 iron imps
  21 jellies
  Crazy Yiuf (D:2)
  24 orc priests
  12 human zombies
  3 centaur skeletons
  A giant frog skeleton (D:4)
  A giant frog zombie (D:12)
  28 orc wizards
  9 worker ants
  6 iguanas
  16 sheep
  An ogre zombie (D:5)
  Jessica (D:3)
  3 hound skeletons
  3 mummies (Ossuary)
  A worker ant zombie (D:10)
  Robin (D:2)
  61 river rats
  21 adders
  4 shadow imps
  5 giant mites
  17 white imps
  8 worms
  37 ufetubi
  5 giant geckos
  25 oozes
  168 orcs
  A bat skeleton (D:6)
  A bat zombie (D:5)
  5 giant cockroaches
  4 gnoll skeletons (Ossuary)
  30 goblins
  25 hobgoblins
  23 jackals
  21 kobolds
  6 ball pythons
  36 bats
  14 giant newts
  2 gnoll zombies (Ossuary)
  4 goblin skeletons (Ossuary)
  2 goblin zombies (Ossuary)
  A hobgoblin skeleton (Ossuary)
  2 hobgoblin zombies (Ossuary)
  4 kobold skeletons
  A kobold zombie (Ossuary)
  A lurking horror (Abyss:1)
  An orc skeleton (Ossuary)
  4 orc zombies
  8 quokkas
  3 quokka zombies
  23 rats
  2 rat skeletons (Ossuary)
  3 rat zombies (Ossuary)
  A spectral orc (Lair:4)
  4 ballistomycetes (D:14)
  7 briar patches
  A bush (Lair:8)
  115 fungi
  85 plants
  A starspawn tentacle (Abyss:3)
2127 creatures vanquished.

Vanquished Creatures (collateral kills)
  A lich (Abyss:1)
  A tentacled starspawn (Abyss:1)
  A greater naga (Snake:4)
  A stone giant (Vaults:3)
  A great orb of eyes (Abyss:3)
  3 hydras
  An alligator (Swamp:4)
  5 death yaks (Lair:6)
  2 naga sharpshooters
  2 thrashing horrors
  A wretched star (Abyss:3)
  A salamander mystic (Snake:5)
  A spriggan druid (Swamp:3)
  A deep troll (Vaults:3)
  A flayed ghost (Vaults:2)
  An ironbrand convoker (Vaults:3)
  A hill giant (D:11)
  An anaconda skeleton (Abyss:1)
  An orb spider (Abyss:3)
  A cyclops (D:10)
  An ugly thing (D:13)
  A black mamba (Snake:5)
  A smoke demon (Abyss:3)
  A spiny frog (Swamp:3)
  A yaktaur (Vaults:2)
  An ancient zyme (Abyss:3)
  2 trolls
  A freezing wraith (Vaults:3)
  3 blink frogs
  A raiju (Abyss:3)
  A two-headed ogre (Orc:4)
  4 yaks
  A trapdoor spider (Vaults:3)
  3 neqoxecs (Abyss:1)
  2 large abominations (Abyss:3)
  3 vampire mosquitoes (Vaults:3)
  A naga (Snake:5)
  A spatial vortex (Abyss:1)
  An ice beast (Lair:4)
  An ogre (Vaults:2)
  An orc warrior (D:9)
  A black bear (D:8)
  A wight (D:9)
  A quasit (Abyss:1)
  A basilisk zombie (D:15)
  A river rat (Lair:6)
  An adder (Lair:4)
  A white imp (Abyss:3)
  3 ufetubi
  An orc (Orc:3)
  3 starspawn tentacles
74 creatures vanquished.

Vanquished Creatures (others)
  A naga sharpshooter (Snake:5)
  A soul eater (Vaults:2)
  2 sun demons (Vaults:3)
  4 ice devils
  2 sixfirhies
  4 smoke demons
  A hellwing (Abyss:3)
  A raiju (Abyss:1)
  3 air elementals
  A shadow (Abyss:3)
  3 fire elementals
  2 water elementals (Lair:6)
  3 earth elementals
  36 quasits
  33 crimson imps
  38 iron imps
  47 white imps
  47 ufetubi
  An orc (Orc:2)
  A giant spore (D:14)
  2 gnoll skeletons (Ossuary)
  2 gnoll zombies (Ossuary)
  A goblin skeleton (Ossuary)
  2 goblin zombies (Ossuary)
  2 hobgoblin skeletons (Ossuary)
  2 hobgoblin zombies (Ossuary)
  3 kobold skeletons (Ossuary)
  2 kobold zombies (Ossuary)
  A lurking horror (Abyss:3)
  An orc skeleton (Ossuary)
  3 orc zombies (Ossuary)
  A rat skeleton (Ossuary)
  2 rat zombies (Ossuary)
  12 fungi
  2 plants (D:9)
  13 starspawn tentacles (Abyss:3)
  106 starspawn tentacle segments
388 creatures vanquished.

Grand Total: 2589 creatures vanquished

Notes
Turn   | Place    | Note
--------------------------------------------------------------
     0 | D:1      | Chiseanne, the Demonspawn Monk, began the quest for the Orb.
     0 | D:1      | Reached XP level 1. HP: 18/18 MP: 1/1
   269 | D:1      | Gained mutation: Your flesh is heat resistant. [demonic ancestry]
   269 | D:1      | Reached XP level 2. HP: 22/24 MP: 2/2
   945 | D:2      | Gained mutation: You have sharp toenails. [demonic ancestry]
   945 | D:2      | Reached XP level 3. HP: 25/29 MP: 3/3
  1077 | D:2      | Noticed Robin
  1095 | D:2      | Killed Robin
  1115 | D:2      | Reached XP level 4. HP: 21/36 MP: 4/4
  1756 | D:2      | Noticed Crazy Yiuf
  1765 | D:2      | Killed Crazy Yiuf
  1765 | D:2      | Reached skill level 1 in Armour
  1765 | D:2      | Reached skill level 4 in Unarmed Combat
  1947 | D:2      | Gained mutation: You are partially covered in yellow scales (AC +2). [demonic ancestry]
  1947 | D:2      | Reached XP level 5. HP: 39/42 MP: 5/5
  2103 | D:3      | Noticed Jessica
  2115 | D:3      | Killed Jessica
  2230 | D:3      | Noticed Antunes' ghost (average GrGl)
  2278 | D:3      | Killed Antunes' ghost
  2278 | D:3      | Reached XP level 6. HP: 36/48 MP: 6/6
  3374 | D:4      | Found a staircase to the Ecumenical Temple.
  3399 | Temple   | Entered the Ecumenical Temple
  3555 | Temple   | Became a worshipper of Qazlal Stormbringer
  3555 | Temple   | Acquired Qazlal's first power
  3555 | Temple   | Acquired Qazlal's second power
  3855 | D:5      | Entered Level 5 of the Dungeon
  3869 | D:5      | Reached skill level 5 in Dodging
  3869 | D:5      | Reached XP level 7. HP: 13/55 MP: 7/7
  4235 | D:5      | Reached skill level 5 in Unarmed Combat
  4403 | D:5      | Found a glowing drain.
  4427 | Sewer    | Entered a sewer
  4951 | Sewer    | Acquired Qazlal's third power
  5130 | D:5      | Reached skill level 5 in Fighting
  5134 | D:5      | Noticed Prince Ribbit
  5164 | D:5      | Noticed a water moccasin
  5707 | D:5      | Killed Prince Ribbit
  5707 | D:5      | Reached skill level 6 in Dodging
  5707 | D:5      | Gained mutation: You are mostly covered in yellow scales (AC +3). [demonic ancestry]
  5707 | D:5      | Reached XP level 8. HP: 45/62 MP: 8/8
  5805 | D:5      | Killed a water moccasin
  6093 | D:6      | Found an opulent altar of Gozag.
  6117 | D:6      | Noticed a slime creature
  6165 | D:6      | Found a runed door.
  6775 | D:6      | Killed a slime creature
  6916 | D:6      | Acquired Qazlal's fourth power
  7036 | D:6      | Found a basalt altar of Yredelemnul.
  7062 | D:6      | Reached skill level 7 in Unarmed Combat
  7062 | D:6      | Reached XP level 9. HP: 63/69 MP: 9/9
  7554 | D:7      | Found a sand-covered staircase.
  7559 | Ossuary  | Entered an ossuary
  7729 | Ossuary  | Acquired Qazlal's fifth power
  7819 | Ossuary  | Noticed Menkaure
  7829 | Ossuary  | Killed Menkaure
  8290 | D:7      | Reached skill level 1 in Invocations
  8645 | D:7      | Reached skill level 8 in Unarmed Combat
  9106 | D:8      | Gained mutation: A weak demonic guardian rushes to your aid. [demonic ancestry]
  9106 | D:8      | Reached XP level 10. HP: 79/79 MP: 14/14
  9434 | D:8      | Found a huge runed gate.
  9435 | D:8      | Found a huge runed gate.
  9436 | D:8      | Found a huge runed gate.
  9437 | D:8      | Noticed a griffon
  9438 | D:8      | Found a huge runed gate.
  9438 | D:8      | Noticed a griffon
  9647 | D:8      | Killed a griffon
  9649 | D:8      | Reached skill level 9 in Unarmed Combat
  9924 | D:7      | Killed a griffon
 10827 | D:9      | Reached XP level 11. HP: 65/87 MP: 18/18
 10883 | D:9      | Noticed Erolcha
 10893 | D:9      | Killed Erolcha
 10897 | D:9      | Noticed Monkaria's ghost (experienced DDFi)
 10932 | D:9      | Killed Monkaria's ghost
 10932 | D:9      | Reached skill level 5 in Invocations
 10953 | D:9      | Reached skill level 10 in Unarmed Combat
 11098 | D:9      | Found a staircase to the Lair.
 11423 | D:9      | Found a staircase to the Orcish Mines.
 12048 | D:9      | Reached skill level 10 in Dodging
 12186 | D:9      | Found a white marble altar of Elyvilon.
 12420 | D:10     | Entered Level 10 of the Dungeon
 12421 | D:10     | Found Laxkusar's Weapon Emporium.
 12503 | D:10     | Reached skill level 11 in Unarmed Combat
 12807 | D:10     | Killed an unseen horror
 13456 | D:11     | Noticed an ogre mage
 13475 | D:11     | Noticed a hill giant
 13476 | D:11     | Noticed a hill giant
 13554 | Orc:1    | Entered Level 1 of the Orcish Mines
 13565 | Orc:1    | Reached XP level 12. HP: 80/96 MP: 22/22
 14658 | Orc:3    | Found a deep blue altar of Sif Muna.
 15272 | Orc:4    | Entered Level 4 of the Orcish Mines
 15895 | Orc:4    | Reached skill level 10 in Fighting
 16076 | Orc:3    | Reached skill level 12 in Unarmed Combat
 16248 | Orc:4    | Noticed an ogre mage
 16260 | Orc:4    | Killed an ogre mage
 16276 | Orc:4    | Noticed an ogre mage
 16484 | Orc:4    | Killed an ogre mage
 16670 | Orc:4    | Found a roughly hewn altar of Beogh.
 16701 | Orc:4    | Found Onnaqeiv's Weapon Shop.
 16701 | Orc:4    | Found Guf Etuk's Magic Scroll Boutique.
 16708 | Orc:4    | Found Jarub's Magic Scroll Emporium.
 16718 | Orc:4    | Bought a scroll of enchant armour for 127 gold pieces
 16721 | Orc:4    | Found Khelainn's Book Shop.
 16743 | Orc:4    | Bought a scroll of blinking for 97 gold pieces
 16743 | Orc:4    | Bought a scroll of blinking for 97 gold pieces
 16743 | Orc:4    | Bought a scroll of blinking for 97 gold pieces
 16743 | Orc:4    | Bought 3 scrolls of blinking for 292 gold pieces
 16743 | Orc:4    | Bought a scroll of remove curse for 39 gold pieces
 16743 | Orc:4    | Bought a scroll of fog for 26 gold pieces
 16743 | Orc:4    | Bought a scroll of remove curse for 39 gold pieces
 16743 | Orc:4    | Bought a scroll of immolation for 45 gold pieces
 16754 | Orc:4    | Bought a scroll of blinking for 127 gold pieces
 16754 | Orc:4    | Bought a scroll of identify for 34 gold pieces
 16754 | Orc:4    | Bought a scroll of teleportation for 51 gold pieces
 16754 | Orc:4    | Bought a scroll of silence for 127 gold pieces
 16754 | Orc:4    | Bought a scroll of remove curse for 51 gold pieces
 16754 | Orc:4    | Bought a scroll of remove curse for 51 gold pieces
 16754 | Orc:4    | Bought a scroll of fog for 34 gold pieces
 16931 | Orc:4    | Found a staircase to the Elven Halls.
 17182 | Lair:1   | Entered Level 1 of the Lair of Beasts
 17193 | Lair:1   | Reached XP level 13. HP: 104/104 MP: 24/24
 17608 | Lair:1   | Reached skill level 1 in Shields
 18318 | Lair:2   | Reached skill level 5 in Armour
 18434 | Lair:2   | Got a steaming flail
 18435 | Lair:2   | Identified the +11 flail of Equilibrium {freeze, Noisy rElec rPois Str+6} (You found it on level 2 of the Lair of Beasts)
 18640 | Lair:2   | Found a deep blue altar of Sif Muna.
 19096 | Lair:3   | Noticed Harold
 19102 | Lair:3   | Paralysed by Harold for 3 turns
 19108 | Lair:3   | Paralysed by Harold for 4 turns
 19122 | Lair:3   | Killed Harold
 19477 | Lair:3   | Reached skill level 5 in Shields
 19571 | Lair:3   | Found a staircase to the Swamp.
 19639 | Lair:3   | Got a bronze leather armour
 19665 | Lair:3   | Identified the cursed -5 leather armour of Clatsock {-Tele rN+ Int+9 Dex-3} (You found it on level 3 of the Lair of Beasts)
 20068 | Lair:4   | Noticed Nergalle
 20083 | Lair:4   | Killed Nergalle
 20240 | Lair:4   | Noticed Fannar
 20261 | Lair:4   | Killed Fannar
 20289 | Lair:4   | Learned a level 2 spell: Swiftness
 20293 | Lair:4   | Learned a level 3 spell: Flight
 20490 | Lair:4   | Got a dazzling quarterstaff
 21392 | Lair:5   | Found a staircase to the Snake Pit.
 21421 | Lair:5   | Gained mutation: You are immune to clouds of flame. [demonic ancestry]
 21421 | Lair:5   | Reached XP level 14. HP: 113/113 MP: 27/27
 22612 | Lair:6   | Found a runed door.
 22613 | Lair:6   | Found a viscous altar of Jiyva.
 22614 | Lair:6   | Found a staircase to the Slime Pits.
 23048 | Lair:7   | Reached skill level 10 in Invocations
 23762 | Lair:8   | Entered Level 8 of the Lair of Beasts
 23832 | Lair:8   | Reached skill level 13 in Dodging
 23968 | Lair:8   | Identified a scroll of acquirement
 24068 | Lair:8   | Got an encrusted ring mail
 24338 | Lair:8   | Identified the +5 ring mail of Joy {rF- MR+ rCorr} (You found it on level 8 of the Lair of Beasts)
 24701 | Lair:8   | Got an encrusted scale mail
 24712 | Lair:8   | Identified the cursed +0 scale mail of Hopscotch {rC++ Str+2} (You found it on level 8 of the Lair of Beasts)
 25566 | D:11     | Killed an ogre mage
 25572 | D:11     | Killed a hill giant
 25572 | D:11     | Killed a hill giant
 25612 | D:11     | Noticed a hill giant
 25612 | D:11     | Noticed a hill giant
 25613 | D:11     | Noticed a hill giant
 25614 | D:11     | Noticed a hill giant
 25620 | D:11     | Killed a hill giant
 25621 | D:11     | Noticed a hill giant
 25626 | D:11     | Noticed a skeletal warrior
 25626 | D:11     | Killed a hill giant
 25626 | D:11     | Reached XP level 15. HP: 97/121 MP: 29/29
 25628 | D:11     | Noticed a skeletal warrior
 25628 | D:11     | Noticed a skeletal warrior
 25629 | D:11     | Killed a hill giant
 25630 | D:11     | Killed a hill giant
 25637 | D:11     | Killed a hill giant
 25657 | D:11     | Killed a skeletal warrior
 25821 | D:11     | Killed a skeletal warrior
 25839 | D:11     | Killed a skeletal warrior
 25897 | D:11     | Noticed a hill giant
 25899 | D:11     | Noticed a hill giant
 25900 | D:11     | Noticed a hill giant
 25900 | D:11     | Reached skill level 1 in Maces & Flails
 25908 | D:11     | Killed a hill giant
 25909 | D:11     | Killed a hill giant
 25909 | D:11     | Killed a hill giant
 25944 | D:11     | Noticed a frost giant
 25945 | D:11     | Noticed a hill giant
 25945 | D:11     | Noticed a hill giant
 25945 | D:11     | Noticed a hill giant
 25955 | D:11     | Killed a hill giant
 25958 | D:11     | Killed a frost giant
 25964 | D:11     | Killed a hill giant
 25969 | D:11     | Killed a hill giant
 25988 | D:11     | Got an ancient scimitar
 25990 | D:11     | Got a faintly glowing morningstar
 25995 | D:11     | Got a shimmering hand axe
 26006 | D:11     | Identified the cursed -1 scimitar "Jotiatus" {slice, rElec Stlth+} (You found it on level 11 of the Dungeon)
 26009 | D:11     | Identified the -1 hand axe of a treasure trove {antimagic, MR+} (You found it on level 11 of the Dungeon)
 26011 | D:11     | Identified the cursed -2 morningstar of Compound Interest {crush, -Tele rElec Str+5 Int-4 SInv} (You found it on level 11 of the Dungeon)
 26385 | D:11     | Noticed an eight-headed hydra
 26390 | D:11     | Killed an eight-headed hydra
 27066 | D:12     | Reached skill level 14 in Dodging
 28122 | D:14     | Found a gate to the Vaults.
 28122 | D:14     | Noticed Rupert
 28122 | D:14     | Noticed Norris
 28127 | D:14     | Reached skill level 10 in Shields
 28134 | D:14     | Killed Rupert
 28166 | D:13     | Paralysed by Norris for 5 turns
 28175 | D:13     | Killed Norris
 28390 | D:14     | Found a radiant altar of Vehumet.
 29024 | D:15     | Entered Level 15 of the Dungeon
 29024 | D:15     | Found Reargh's Elemental Accessories.
 29024 | D:15     | Noticed Azrael
 29033 | D:15     | Reached skill level 5 in Maces & Flails
 29033 | D:15     | Reached XP level 16. HP: 98/129 MP: 30/30
 29034 | D:15     | Killed Azrael
 29056 | D:15     | Noticed Sonja
 29063 | D:15     | Killed Sonja
 29430 | D:15     | Found a staircase to the Depths.
 30600 | Swamp:1  | Entered Level 1 of the Swamp
 31210 | Swamp:3  | Reached skill level 10 in Maces & Flails
 31373 | Swamp:3  | Got a crude plate armour
 31447 | Swamp:2  | Identified the +5 plate armour "Folaolorgh" {-Cast +Inv rN+++ Regen+} (You found it on level 3 of the Swamp)
 31580 | Swamp:4  | Noticed Snorg
 31594 | Swamp:4  | Killed Snorg
 31703 | Swamp:5  | Entered Level 5 of the Swamp
 32401 | Swamp:4  | Noticed Wiglaf
 32430 | Swamp:4  | Killed Wiglaf
 32554 | Swamp:5  | Reached XP level 17. HP: 79/137 MP: 30/30
 32880 | Swamp:5  | Got a decaying rune of Zot
 33171 | Snake:1  | Entered Level 1 of the Snake Pit
 33211 | Snake:1  | Noticed Asterion
 33229 | Snake:1  | Killed Asterion
 33832 | Snake:5  | Entered Level 5 of the Snake Pit
 33838 | Snake:5  | Found Azopna's Antique Armour Shop.
 33865 | Snake:5  | Found Feurak's Armour Shop.
 33887 | Snake:5  | Found Brael's Antique Armour Emporium.
 34060 | Snake:5  | Noticed Aizul
 34075 | Snake:4  | Noticed Saint Roka
 34314 | Snake:4  | Noticed Agnes
 34321 | Snake:4  | Killed Agnes
 34321 | Snake:4  | Reached skill level 10 in Armour
 34730 | Snake:5  | Reached skill level 15 in Fighting
 35160 | Snake:5  | Killed Aizul
 35534 | Snake:5  | Gained mutation: You have razor-sharp toenails. [demonic ancestry]
 35534 | Snake:5  | Reached XP level 18. HP: 125/149 MP: 31/31
 35934 | Snake:5  | Got a serpentine rune of Zot
 36572 | Snake:4  | Reached skill level 16 in Fighting
 36617 | Snake:4  | Killed Saint Roka
 37397 | Vaults:1 | Entered Level 1 of the Vaults
 38994 | Vaults:2 | Reached skill level 17 in Fighting
 39443 | Vaults:2 | Gained mutation: A demonic guardian rushes to your aid. [demonic ancestry]
 39443 | Vaults:2 | Reached XP level 19. HP: 150/161 MP: 32/32
 39648 | Vaults:2 | Found a portal to a secret trove of treasure.
 39811 | Vaults:3 | Found a staircase to the Crypt.
 40267 | Vaults:3 | Cast into the Abyss (a deep elf demonologist)
 40338 | Abyss:1  | Reached skill level 18 in Fighting
 40461 | Abyss:1  | Gained mutation: You are dopey. (Int -2) [a neqoxec]
 40464 | Abyss:1  | Gained mutation: [You tend to lose your temper in combat.] [a neqoxec]
 40465 | Abyss:1  | Gained mutation: You occasionally shout uncontrollably at your foes. [a neqoxec]
 40467 | Abyss:1  | Gained mutation: [You heal slowly when monsters are visible.] [a neqoxec]
 40548 | Abyss:1  | Gained mutation: [You are frail (-10% HP).] [a neqoxec]
 41266 | Abyss:3  | Reached skill level 15 in Armour
 41353 | Abyss:3  | Gained mutation: Armour fits poorly on your strangely shaped body. [a neqoxec]
 41422 | Abyss:3  | Noticed a bone dragon
 41510 | Vaults:3 | Escaped the Abyss
 41530 | Vaults:3 | HP: 1/115 [Executioner/nerve-wracking pain[an ironheart preserver] (7)]
 41533 | Vaults:3 | Mangled by an Executioner

Action                   |  1- 3 |  4- 6 |  7- 9 | 10-12 | 13-15 | 16-18 | 19-21 || total
-------------------------+-------+-------+-------+-------+-------+-------+-------++-------
Melee: Unarmed           |   140 |   331 |   790 |  1264 |   223 |       |     6 ||  2754
       Flail             |       |       |       |       |   889 |   521 |    78 ||  1488
       Morningstar       |       |       |       |       |   231 |  1297 |   466 ||  1994
Throw: Throwing net      |       |       |       |     1 |       |       |       ||     1
       Javelin           |       |       |       |       |       |     4 |    12 ||    16
Invok: Upheaval          |       |       |     1 |       |     5 |    11 |       ||    17
       Elemental Force   |       |       |       |       |     6 |     4 |       ||    10
       Disaster Area     |       |       |       |       |     6 |     6 |     5 ||    17
Evoke: Wand              |       |       |     3 |     5 |       |     7 |     6 ||    21
       Stone of tremors  |       |       |       |       |     1 |     2 |       ||     3
  Use: Scroll            |       |    11 |     9 |     9 |    26 |    15 |    14 ||    84
       Potion            |       |     3 |     4 |     5 |     1 |    12 |     5 ||    30
 Stab: Sleeping          |     2 |       |       |       |       |       |       ||     2
       Distracted        |       |       |     1 |     5 |     4 |    10 |     4 ||    24
       Confused          |       |       |       |     1 |       |       |       ||     1
       Petrified         |       |       |       |       |       |       |     1 ||     1
  Eat: Chunk             |     1 |     5 |     9 |    27 |    24 |    30 |     4 ||   100
       Beef jerky        |       |     2 |       |       |     7 |     1 |     3 ||    13
       Fruit             |       |       |     5 |       |       |       |       ||     5
       Bread ration      |       |       |     2 |       |       |       |       ||     2
       Pizza             |       |       |       |       |     3 |     1 |     1 ||     5
       Royal jelly       |       |       |       |       |     3 |     4 |       ||     7
